 Dungeon Sprint DCSS version 0.18.1-48-g4cf74bf (webtiles) character file.

33 kosy22 the Insei (level 3, -5/31 HPs)
             Began as a Naga Transmuter on Aug 19, 2016.
             Splashed by an oklob sapling priest's acid (9 damage)
             ... in the Dungeon (Sprint IV: "Fedhas' Mad Dash").
             The game lasted 00:02:00 (505 turns).

kosy22 the Insei (Naga Transmuter)                   Turns: 505, Time: 00:02:01

Health: -5/31      AC:  5    Str: 12    XL:     3   Next: 29%
Magic:  7/7        EV: 10    Int: 13    God:
Gold:   41         SH:  0    Dex: 12    Spells: 3 memorised, 2 levels left

rFire  . . .     SeeInvis +       - Unarmed
rCold  . . .     Gourm    .     b - +0 robe
rNeg   . . .     Faith    .     (no shield)
rPois  +         Spirit   .     (no helmet)
rElec  .         Dismiss  .     l - +2 cloak {+Inv}
rCorr  .         Reflect  .     (no gloves)
SustAt .         Harm     .     (no barding)
MR     .....     NoTele   +     (no amulet)
Stlth  +.........               (no ring)
                                (no ring)

@: very slow, not resistant to hostile enchantments, very unstealthy
A: see invisible, deformed body, poison resistance, slowness 2, slow metabolism
1, spit poison 2, AC +1
a: Spit Poison, Evoke Invisibility


You were in the Dungeon.
You were not hungry.

You visited 1 branch You collected 41 gold pieces.

Inventory:

Missiles
 a - 12 arrows
Armour
 b - a +0 robe (worn)
 l - a +2 cloak of invisibility (worn)
Scrolls
 j - a scroll of blinking
 k - a scroll of random uselessness {unknown}
Potions
 e - a potion of curing
 f - a potion of heal wounds
 g - a potion of haste
 h - 2 potions of magic
 i - 2 potions of berserk rage
Books
 c - a book of Changes

   Spells                             Type                      Level
   a - Beastly Appendage              Transmutation                1
   b - Sticks to Snakes               Transmutation                2
   c - Spider Form                    Transmutation/Poison         3
   d - Ice Form                       Ice/Transmutation            4
   e - Blade Hands                    Transmutation                5
Comestibles
 d - a bread ration


   Skills:
 + Level 1.1 Fighting
 + Level 2.5 Dodging
 + Level 5.2 Unarmed Combat
 + Level 3.3 Spellcasting
 + Level 2.8 Transmutations


You had 2 spell levels left.
You knew the following spells:

 Your Spells              Type           Power        Failure   Level  Hunger
a - Beastly Appendage     Trmt           #.....       10%         1    #......
b - Sticks to Snakes      Trmt           #.......     12%         2    ##.....
c - Spider Form           Trmt/Pois      #.........   38%         3    ###....


Dungeon Overview and Level Annotations

Branches:
Dungeon (1/1)

Altars:
Cheibriados
Elyvilon
Kikubaaqudgha
Makhleb
Pakellas
Ru
Sif Muna
Trog
Vehumet
Zin
Jiyva
Lugonu

Annotations:
D exclusion: 2 oklob saplings


Innate Abilities, Weirdness & Mutations

You cannot wear boots.
Your serpentine skin is tough (AC +1).
You have supernaturally acute eyesight.
Armour fits poorly on your strangely shaped body.
Your system is resistant to poisons.
You cover ground very slowly.
You have a slow metabolism.
You can spit poison.


Message History

You finish memorising.
Spell assigned to 'b'.
Read which item? (? for menu, Esc to quit)
This spell is slightly dangerous to cast.
Memorise Spider Form, consuming 3 spell levels and leaving 2?
You start memorising the spell.
You continue memorising. x3
You finish memorising.
Spell assigned to 'c'.
You open the door.
Marking area around the oklob sapling priest as unsafe for travelling.
An oklob sapling priest comes into view.
Found nine altars.
Really slither into a travel-excluded area?
Okay, then.
Really slither into a travel-excluded area?
The oklob sapling priest spits acid at you.
The splash of acid hits you!
The acid burns!
The oklob sapling priest spits acid at you.
The splash of acid hits you!
* * * LOW HITPOINT WARNING * * *
The acid burns!
You die...

########################
<..P#.....#.$...#.⌠...._
PP..'.....'.#...@._._._.
PPPP#.÷...#P#...#_._._P_
##############+##._._._.
.⌠...._ #######


You could see an oklob sapling priest.

Vanquished Creatures
  A worker ant (D)
  A river rat (D)
  A rat (D)
3 creatures vanquished.

Notes
Turn   | Place    | Note
--------------------------------------------------------------
     0 | D        | kosy22 the Naga Transmuter began the quest for the Orb.
     0 | D        | Reached XP level 1. HP: 18/18 MP: 3/3
    11 | D        | Reached skill level 4 in Unarmed Combat
    11 | D        | Reached XP level 2. HP: 9/25 MP: 2/5
   221 | D        | Noticed an oklob sapling
   241 | D        | Reached skill level 5 in Unarmed Combat
   241 | D        | Reached XP level 3. HP: 5/31 MP: 4/7
   498 | D        | Learned a level 2 spell: Sticks to Snakes
   502 | D        | Learned a level 3 spell: Spider Form
   502 | D        | Found a snail-covered altar of Cheibriados.
   502 | D        | Found a glowing silver altar of Zin.
   502 | D        | Found a white marble altar of Elyvilon.
   502 | D        | Found a viscous altar of Jiyva.
   502 | D        | Found a radiant altar of Vehumet.
   502 | D        | Found a deep blue altar of Sif Muna.
   502 | D        | Found an ancient bone altar of Kikubaaqudgha.
   502 | D        | Found a bloodstained altar of Trog.
   502 | D        | Found a corrupted altar of Lugonu.
   502 | D        | Noticed an oklob sapling priest
   505 | D        | Found a burning altar of Makhleb.
   505 | D        | Found an oddly glowing altar of Pakellas.
   505 | D        | Found a sacrificial altar of Ru.
   505 | D        | Splashed by an oklob sapling priest's acid

Skill      XL: |  1  2 |
---------------+-------+-----
Dodging        | 2 |  2.5
Unarmed Combat | 4 5 |  5.2
Spellcasting   | 3 |  3.3
Fighting       | |  1.1
Transmutations | |  2.8

Action                   || total
-------------------------++-------
Melee: Unarmed           ||    18
       Headbutt          ||     1
 Cast: Beastly Appendage ||     2
Armor: Robe              ||     3
Dodge: Dodged            ||     9
